cohdb
Replays
Latest Replays
All Replays
Popular Replays
Top Player Replays
Match Explorer
How It Works
Community
CoH3 Stats
Reddit
Sign in to upload your games and track your stats! →
Sign in with Steam
Match 40613120
Unlisted
Match 40613120
Overview
Messages
Build Orders
End
Selects Italian Combined Arms Battlegroup
Selects Bersaglieri Squad
Bersaglieri Squad
Kradschützen Motorcycle Team
Bersaglieri Squad
Construct Light Support Kompanie
Selects Bersaglieri Bolster
2.5-tonne Medical Truck
Bersaglieri Squad
Fire Support Elements
Selects Breda Model 30 Light Machine Guns
Panzerjäger Mechanized Group
Construct Mechanized Kompanie
le.IG 18 Support Gun Team
Selects Semovente da 75/18 Assault Gun
Bersaglieri Squad
Construct Panzerarmee Kommand
Selects Strafing Run
Selects Artillery Cover
Panzer III L Medium Tank
Panzer III L Medium Tank
Strafing Run
Armored Reserves
Veteran Squad Leaders
Strafing Run
Vehicle Survival Package
Emergency Repair Kits
Strafing Run
Tiger Heavy Tank
Artillery Cover
18-tonne Recovery Half-track
Mintjack
denny870522
Novacaine
Tatari◑。
0
0
Comments
sign in to comment!
No comments posted yet!